 Dungeon Sprint DCSS version 0.30-a0-728-gc68057be0a (webtiles) character file.

Game seed: 4264036091668553244

4575 rocky1 the Fighter (level 10, -2/120 HPs)
             Began as an Ogre Gladiator on Feb 1, 2023.
             Was the Champion of Cheibriados.
             Constricted to death by a nagaraja (6 damage)
             ... in the Dungeon (Sprint VII: "The Pits").
             The game lasted 00:06:43 (2823 turns).

rocky1 the Fighter (Ogre Gladiator)                 Turns: 2823, Time: 00:06:44

Health: -2/120     AC:  3    Str: 39    XL:     10   Next: 41%
Magic:  15/18      EV: 14    Int: 24    God:    Cheibriados [******]
Gold:   0          SH:  0    Dex: 25    Spells: 9/9 levels left

rFire   . . .      SeeInvis .    a - +2 dire flail (heavy)
rCold   . . .      Faith    .    (shield currently unavailable)
rNeg    . . .      Spirit   .    u - +0 robe
rPois   .          Reflect  .    c - +0 hat
rElec   .          Harm     .    (no cloak)
rCorr   .          Rampage  .    (gloves unavailable)
Will    +....      NoTele   +    (boots unavailable)
Stlth   ++                       (no amulet)
HPRegen 0.40/turn                (no ring)
MPRegen 0.16/turn                (no ring)

@: lethally poisoned (-2 -> -38), constricted, very slow
A: large, unfitting armour, tough skin 1
a: Renounce Religion, Bend Time, Temporal Distortion, Slouch, Step From Time


You were in the Dungeon.
You worshipped Cheibriados.
Cheibriados was exalted by your worship.
You visited 1 branch

Inventory:

Hand Weapons
 a - a +2 heavy dire flail (weapon)
 b - a +2 war axe of freezing
 h - a +0 war axe
 k - a +1 flail of holy wrath
 o - a +1 heavy hand axe
 p - a +1 flail of protection
Missiles
 d - 3 throwing nets (quivered)
 e - a large rock
Armour
 c - a +0 hat (worn)
 u - a +0 robe (worn)
Jewellery
 q - a +3 ring of protection
 r - a +3 ring of strength
Scrolls
 m - 5 scrolls of amnesia
 n - a scroll of butterflies
Potions
 f - 8 potions of curing
 g - 7 potions of heal wounds
 i - 4 potions of magic
 j - 2 potions of berserk rage
 l - a potion of invisibility
 s - a potion of brilliance
 t - a potion of resistance


   Skills:
 + Level 13.9 Fighting
 * Level 12.4(13.8) Axes
 + Level 9.2(11.7) Maces & Flails
 - Level 2.7 Throwing
 - Level 5.6 Armour
 - Level 8.6 Dodging
 + Level 11.6 Invocations


You had 9 spell levels left.
You didn't know any spells.
Your spell library was empty.

Dungeon Overview and Level Annotations

Branches:
Dungeon (1/1)

Altars:
Ashenzari
Cheibriados
Dithmenos
Elyvilon
Fedhas
Gozag
Hepliaklqana
Kikubaaqudgha
Makhleb
Nemelex Xobeh
Okawaru
Qazlal
Ru
Sif Muna
Trog
Uskayaw
Vehumet
Wu Jian
Xom
Yredelemnul
Zin
The Shining One
Jiyva
Lugonu


Innate Abilities, Weirdness & Mutations

You are too large for most types of armour.
You have tough skin. (AC +1)


Message History

Cheibriados appreciates the change of pace.
Unknown command.
There is an open door here.
The nagaraja shouts!
You puncture the nagaraja!
The nagaraja is lightly wounded.
The nagaraja misses you. The nagaraja grabs you. The nagaraja constricts you!
You barely miss the nagaraja.
The nagaraja is lightly wounded.
The nagaraja casts a spell at you. The poison arrow hits you!!
You are poisoned.
The nagaraja constricts you!
You completely miss the nagaraja.
The nagaraja is lightly wounded.
You feel very sick.
The nagaraja points at you and mumbles some strange words.
The poison arrow hits you!!
You are more poisoned.
The nagaraja constricts you.
You hammer the nagaraja like a gong!!!
The nagaraja is severely wounded.
* * * LOW HITPOINT WARNING * * *
You feel very sick.
The nagaraja hits you with a +1 vampiric whip!!
* * * LOW HITPOINT WARNING * * *
The nagaraja draws strength from your wounds!
The nagaraja constricts you!
* * * LOW HITPOINT WARNING * * *
Unknown command.
Okay, then.
You feel much better.
* * * LOW HITPOINT WARNING * * *
You feel very sick. The nagaraja spits poison at you.
The splash of poison hits you!
You are more poisoned.
* * * LOW HITPOINT WARNING * * *
The nagaraja constricts you.
You die...

#''# #..# #..# #..####
#+######
#..#..#####.##...##+##
#..#.)..##...#...#...#
#..')..).#...#...#...#
#..'.)...)...+†).'...+
#..†.)..)#...#..@#...#
#..#)...##...#..N#.÷.#
#..#..#####.##...##'##
#..####...#'######.).#
#..##.....÷........#..#
#..#..............###..#
################### ###


You could see a nagaraja (catching breath).

Vanquished Creatures
  A boulder beetle (D)
  A shadow wraith (D)
  A lindwurm (D)
  A yaktaur (D)
  An unseen horror (D)
  A komodo dragon (D)
  A freezing wraith (D)
  An efreet (D)
  An ice devil (D)
  A tarantella (D)
  A wyvern (D)
  A neqoxec (D)
  A water moccasin (D)
  A sky beast (D)
  An ice beast (D)
  A swamp drake (D)
  A kobold brigand (D)
  A gnoll sergeant (D)
  3 wights (D)
  3 killer bees (D)
  A hound (D)
  A gnoll bouda (D)
  An iguana (D)
  9 gnolls (D)
  An adder (D)
  2 river rats (D)
  2 ufetubi (D)
  A worm (D)
  An orc (D)
  3 giant cockroaches (D)
  A kobold (D)
  A quokka (D)
  A bat (D)
  A goblin (D)
  A quokka skeleton (D)
  A rat (D)
52 creatures vanquished.

Notes
Turn   | Place    | Note
-------+----------+-------------------------------------------
     0 | D        | rocky1 the Ogre Gladiator began the quest for the Orb.
     0 | D        | Reached XP level 1. HP: 22/22 MP: 1/1
    33 | D        | Reached skill level 3 in Fighting
    33 | D        | Reached XP level 2. HP: 31/31 MP: 2/2
    70 | D        | Found a bloodstained altar of Trog.
    70 | D        | Found a shimmering blue altar of Sif Muna.
    70 | D        | Found a viscous altar of Jiyva.
    70 | D        | Found a hazy altar of Hepliaklqana.
    70 | D        | Found an opulent altar of Gozag.
    71 | D        | Found a glowing golden altar of the Shining One.
    71 | D        | Found a glowing silver altar of Zin.
    71 | D        | Found a basalt altar of Yredelemnul.
    71 | D        | Found a shimmering altar of Xom.
    71 | D        | Found an ornate altar of the Wu Jian Council.
    71 | D        | Found a sacrificial altar of Ru.
    71 | D        | Found a stormy altar of Qazlal.
    71 | D        | Found an iron altar of Okawaru.
    71 | D        | Found a sparkling altar of Nemelex Xobeh.
    71 | D        | Found a burning altar of Makhleb.
    71 | D        | Found a blossoming altar of Fedhas.
    71 | D        | Found a white marble altar of Elyvilon.
    71 | D        | Found a shadowy altar of Dithmenos.
    71 | D        | Found a snail-covered altar of Cheibriados.
    74 | D        | Found a corrupted altar of Lugonu.
    74 | D        | Found a radiant altar of Vehumet.
    75 | D        | Found an ancient bone altar of Kikubaaqudgha.
    75 | D        | Found a hide-covered altar of Uskayaw.
    75 | D        | Found a broken altar of Ashenzari.
    84 | D        | Became a worshipper of Cheibriados the Contemplative
   112 | D        | Reached XP level 3. HP: 25/39 MP: 3/3
   373 | D        | Reached * piety under Cheibriados
   385 | D        | Noticed a water moccasin
   387 | D        | Reached ** piety under Cheibriados
   389 | D        | Reached *** piety under Cheibriados
   390 | D        | Reached skill level 5 in Axes
   393 | D        | Killed a water moccasin
   394 | D        | Reached skill level 5 in Fighting
   394 | D        | Reached skill level 5 in Dodging
   394 | D        | Reached XP level 4. HP: 33/50 MP: 3/6
   394 | D        | Reached XP level 5. HP: 38/57 MP: 3/7
   609 | D        | Noticed a sky beast
   632 | D        | Killed a sky beast
   633 | D        | Reached skill level 6 in Fighting
   633 | D        | Reached skill level 5 in Invocations
   633 | D        | Reached XP level 6. HP: 46/68 MP: 7/9
   637 | D        | Reached **** piety under Cheibriados
   646 | D        | Noticed an ice beast
   653 | D        | Killed an ice beast
   653 | D        | Reached ***** piety under Cheibriados
   654 | D        | Reached skill level 7 in Fighting
   833 | D        | Killed an unseen horror
   834 | D        | Reached skill level 9 in Fighting
   834 | D        | Reached XP level 7. HP: 45/83 MP: 5/12
  1055 | D        | Reached skill level 5 in Maces & Flails
  1271 | D        | Noticed a yaktaur
  1271 | D        | Noticed a tarantella
  1273 | D        | Killed a tarantella
  1273 | D        | Reached ****** piety under Cheibriados
  1274 | D        | Reached skill level 5 in Armour
  1274 | D        | Reached XP level 8. HP: 65/93 MP: 7/14
  1275 | D        | Reached skill level 10 in Fighting
  1276 | D        | Killed a yaktaur
  1698 | D        | Reached skill level 11 in Fighting
  1701 | D        | Reached XP level 9. HP: 93/105 MP: 10/15
  1730 | D        | Noticed a boulder beetle
  1743 | D        | Killed a shadow wraith
  1744 | D        | Reached skill level 12 in Fighting
  1750 | D        | Reached skill level 10 in Invocations
  1752 | D        | Killed a boulder beetle
  1753 | D        | Reached skill level 10 in Axes
  2144 | D        | Noticed an efreet
  2144 | D        | Noticed a lindwurm
  2144 | D        | Noticed a freezing wraith
  2148 | D        | Killed an efreet
  2150 | D        | Killed a lindwurm
  2151 | D        | Reached skill level 13 in Fighting
  2151 | D        | Reached XP level 10. HP: 119/119 MP: 16/18
  2809 | D        | Noticed a nagaraja
  2822 | D        | HP: 6/120 [constriction (7)]
  2823 | D        | Constricted to death by a nagaraja

Illustrated notes

Levels and vault maps discovered:
D:        pitsprint [storerooms_1, entrance_room_1, metal_vault_1, armoury_2,
          mini_pit_1, grid_room_1, main_hall_1, silver_pit, the_coven_2,
          the_vestibule_1, steel_vault_1, golden_pit, hallway_of_sentries,
          crystal_vault_4, iron_vault_1, final_vault]

Skill      XL: |  1  2  3  4  5  6  7  8  9 10 |
---------------+-------------------------------+-----
Fighting       | 3 5 6 9 11 13 | 13.9
Axes           | 4 7 8 11 12 | 12.4
Dodging        | 3 4 5 6 7 8 |  8.6
Invocations    | 3 5 7 8 9 11 | 11.6
Maces & Flails | 2 4 5 6 8 9 |  9.2
Armour         | 2 4 5 |  5.6
Throwing       | |  2.7

Action                     |  1- 3 |  4- 6 |  7- 9 | 10-12 || total
---------------------------+-------+-------+-------+-------++-------
  Melee: War axe           |    21 |       |     7 |     6 ||    34
         Flail             |       |    36 |     4 |       ||    40
         Dire flail        |       |       |    16 |    12 ||    28
         Punch             |       |       |       |     1 ||     1
  Throw: Throwing net      |     3 |       |       |       ||     3
 Invoke: Slouch            |       |     1 |     5 |     1 ||     7
    Use: Potion            |     2 |     4 |     2 |     1 ||     9
         Scroll            |       |     1 |       |       ||     1
 Armour: Robe              |     6 |    15 |     2 |     2 ||    25
  Dodge: Dodged            |    12 |    11 |    14 |    13 ||    50

Table legend: (Time is in decaauts)
 A = Elapsed time spent in this place.
 B = Non-inter-level travel time spent in this place.
 C = Inter-level travel time spent in this place.
 D = Time resting spent in this place.
 E = Time spent auto-exploring this place.
 F = Levels seen in this place.
 G = Mean time per level.
                   A        B        C        D        E       F      G
               +--------+--------+--------+--------+--------+-----+--------+
         Total |   3081 |   2969 |    112 |   2347 |      0 |   1 | 3081.0 |
       Dungeon |   3081 |   2969 |    112 |   2347 |      0 |   1 | 3081.0 |
               +--------+--------+--------+--------+--------+-----+--------+

Top non-repeatable levels by time:
       D: 3081 daAuts
